 Dungeon Crawl Stone Soup version 0.24.0-123-gd5b16e6ec5 (webtiles) character file.

Game seed: 3301036781816876939, levelgen mode: deterministic

431 Descartes the Covered (level 7, 0/52 HPs)
             Began as a Formicid Abyssal Knight on Feb 2, 2020.
             Was a Believer of Lugonu.
             Slain by Duvessa
             ... wielding a +0 short sword of protection
              (3 damage)
             ... on level 4 of the Dungeon.
             The game lasted 00:10:15 (4409 turns).

Descartes the Covered (Formicid Abyssal Knight)     Turns: 4409, Time: 00:10:15

Health: 0/52       AC: 11    Str: 17    XL:     7   Next: 20%
Magic:  11/11      EV: 16    Int: 20    God:    Lugonu [**....]
Gold:   102        SH:  0    Dex: 15    Spells: 10/10 levels left

rFire    . . .     SeeInvis +   g - +4 dagger
rCold    . . .     Gourm    .   (no shield)
rNeg     . . .     Faith    .   G - +4 ring mail
rPois    +         Spirit   .   (helmet unavailable)
rElec    .         Reflect  .   v - +0 cloak
rCorr    .         Harm     .   (no gloves)
MR       .....                  (no boots)
Stlth    ++........             (no amulet)
HPRegen  0.17/turn              w - ring of poison resistance
MPRegen  0.12/turn              D - +5 ring of intelligence

@: agile
A: permanent stasis, dig shafts and tunnels, four strong arms, antennae 3,
talons 1, blurry vision 1, clever 1, [subdued magic 1]
a: Dig, Shaft Self, Depart the Abyss, Bend Space, Renounce Religion


You were on level 4 of the Dungeon.
You worshipped Lugonu.
Lugonu was pleased with you.
You were hungry.

You visited 2 branches of the dungeon, and saw 6 of its levels.
You visited the Abyss 1 time.

You collected 102 gold pieces.

Inventory:

Hand Weapons
 a - a +1 falchion
 g - a +4 dagger (weapon)
 y - a +2 dagger of pain
 z - a +1 dagger of venom
 A - a +0 hunting sling
Missiles
 m - 170 stones (quivered)
 o - 54 arrows
 q - 3 large rocks
 r - 23 sling bullets
 B - 43 bolts
Armour
 e - a +2 leather armour of poison resistance
 v - a +0 cloak (worn)
 G - a +4 ring mail (worn)
Jewellery
 f - a +4 ring of intelligence
 w - a ring of poison resistance (left hand)
 D - a +5 ring of intelligence (right hand)
 H - an uncursed ring of fire
Scrolls
 h - 4 scrolls of identify {unknown}
 j - a scroll of remove curse {unknown}
 s - a scroll of magic mapping {unknown}
 t - a scroll of amnesia {unknown}
 x - a scroll of enchant weapon {unknown}
 C - a scroll of fog {unknown}
 F - a scroll of noise {unknown}
Potions
 b - a potion of curing {unknown}
 d - a potion of flight {unknown}
 i - a potion of lignification {unknown}
 k - a potion of agility
 l - a potion of magic {unknown}
 n - a potion of might {unknown}
 p - a potion of mutation
 u - a potion of brilliance {unknown}
Comestibles
 c - 8 rations


   Skills:
 - Level 3.2 Fighting
 - Level 1.4(2.0) Short Blades
 - Level 2.0(2.2) Long Blades
 + Level 5.6 Armour
 - Level 0.8 Dodging
 - Level 2.0 Spellcasting
 + Level 5.3 Invocations


You had 10 spell levels left.
You didn't know any spells.
Your spell library was empty.

Dungeon Overview and Level Annotations

Branches:
Dungeon (5/15)             Temple (1/1) D:4

Altars:
Ashenzari
Cheibriados
Dithmenos
Fedhas
Hepliaklqana
Nemelex Xobeh
Okawaru
Qazlal
Ru
Sif Muna
Trog
Vehumet
Xom
Yredelemnul
Zin
The Shining One

Annotations:
D:4 Dowan, Duvessa


Innate Abilities, Weirdness & Mutations

You cannot be hasted, slowed, berserked, paralysed or teleported.
You can dig through walls and to a lower floor.
Your four strong arms can wield two-handed weapons with a shield.
You have a pair of large antennae on your head. (SInv)
You have sharp toenails.
Scrolls take you a little longer to read.
Your mind is acute. (Int +2)
[Your spells are a little easier to cast, but a little less powerful.]


Message History

* * * LOW HITPOINT WARNING * * *
Duvessa gestures with her weapon.
Duvessa hits you with a +0 short sword of protection.
* * * LOW HITPOINT WARNING * * *
Duvessa closely misses you. Duvessa closely misses you.
Dowan gestures wildly while chanting.
Dowan blinks!
Duvessa misses you.
Duvessa hits you with a +0 short sword of protection.
* * * LOW HITPOINT WARNING * * *
Duvessa says, "Where magic fails, the sword succeeds!"
You are feeling hungry.
Duvessa hits you but does no damage.
It was a potion of agility.
You feel agile all of a sudden. Duvessa closely misses you. x2
It was a potion of mutation.
You feel extremely strange.
Your toenails lengthen and sharpen.
Your vision blurs.
You feel clever.
Duvessa hits you with a +0 short sword of protection.
You die...

.......#.....##..#.#.#.#
.##############........#
.# ####.##### .#### #.#
#...# ######## #.# .##.#
#......# #e#
###)#####.####.# #.#
#.##.......#.###e#
#....##.##....@e.#
#######.####.#####
#.####.# #......#
########


You could see Duvessa and Dowan.

Vanquished Creatures
  An ogre (D:4)
  A scorpion (D:4)
  A hound (D:4)
  An orc priest (D:4)
  A centaur skeleton (D:4)
  An iguana (D:5)
  2 orc wizards
  3 adders
  A shadow imp (D:4)
  An ooze (D:4)
  A worm (D:2)
  2 dart slugs (D:1)
  2 leopard geckos
  8 orcs
  2 ball pythons
  A giant cockroach (D:3)
  11 goblins
  6 hobgoblins
  9 jackals
  5 kobolds
  4 quokkas
  10 bats
  7 frilled lizards
  A jackal skeleton (D:4)
  A leopard gecko skeleton (D:4)
  9 rats
92 creatures vanquished.

Notes
Turn   | Place    | Note
-------+----------+-------------------------------------------
     0 | Abyss:1  | Descartes the Formicid Abyssal Knight began the quest for
                  | the Orb.
     0 | Abyss:1  | Reached XP level 1. HP: 18/18 MP: 2/2
    73 | Abyss:1  | Noticed a red devil
    79 | Abyss:1  | Noticed a wretched star
    91 | D:1      | Escaped the Abyss
   148 | D:1      | Reached XP level 2. HP: 12/24 MP: 3/3
   900 | D:2      | Reached XP level 3. HP: 27/29 MP: 5/5
   947 | D:2      | Reached * piety under Lugonu
   974 | D:2      | Found a sacrificial altar of Ru.
   989 | D:2      | Reached XP level 4. HP: 26/35 MP: 6/6
  1202 | D:2      | Noticed an air elemental
  1210 | D:2      | Found a stormy altar of Qazlal.
  1212 | D:2      | Noticed a water elemental
  1212 | D:2      | Noticed an earth elemental
  1212 | D:2      | Noticed a fire elemental
  1368 | D:2      | Found a faded altar of an unknown god.
  2027 | D:2      | Found an iron altar of Okawaru.
  2152 | D:3      | Reached skill level 1 in Short Blades
  2207 | D:3      | Reached ** piety under Lugonu
  2256 | D:3      | Reached XP level 5. HP: 31/41 MP: 7/7
  3062 | D:3      | Reached skill level 1 in Spellcasting
  3219 | D:4      | Reached XP level 6. HP: 45/47 MP: 9/9
  3262 | D:4      | Found a staircase to the Ecumenical Temple.
  3284 | Temple   | Entered the Ecumenical Temple
  3586 | D:4      | Reached skill level 5 in Armour
  3864 | D:5      | Entered Level 5 of the Dungeon
  3864 | D:5      | Noticed an ogre
  3879 | D:4      | Killed an ogre
  3879 | D:4      | Reached skill level 5 in Invocations
  3879 | D:4      | Reached XP level 7. HP: 33/52 MP: 10/10
  4026 | D:5      | Noticed Duvessa
  4028 | D:5      | Noticed Dowan
  4403 | D:4      | HP: 2/52 [Duvessa/+0 short sword of protection (6)]
  4409 | D:4      | Gained mutation: You have sharp toenails. [potion of
                  | mutation]
  4409 | D:4      | Gained mutation: Scrolls take you a little longer to read.
                  | [potion of mutation]
  4409 | D:4      | Gained mutation: Your mind is acute. (Int +2) [potion of
                  | mutation]
  4409 | D:4      | Slain by Duvessa

Levels and vault maps discovered:
D:1:      dpeg_arrival_long_road, layout_loops_ring
D:2:      layout_basic, nicolae_ru_great_annihilating_truth,
          nicolae_qazlal_style_of_elements, chequers_ecumenical_altar_simple,
          kennysheep_okawaru_gauntlet
D:3:      layout_loops_ring
D:4:      layout_loops_cross, temple_statues
D:5:      layout_layer_cave, first_ration, uniq_duvessa
Temple:   eino_temple_lava

Skill      XL: |  1  2  3  4  5  6 |
---------------+-------------------+-----
Armour         | 3 4 5 |  5.6
Invocations    | 3 4 5 |  5.3
Short Blades   | 1 |  1.4
Spellcasting   | 1 2 |  2.0
Fighting       | |  3.2
Long Blades    | |  2.0
Dodging        | |  0.8

Action                   |  1- 3 |  4- 6 |  7- 9 || total
-------------------------+-------+-------+-------++-------
Melee: Falchion          |    19 |       |       ||    19
       Dagger            |    45 |   240 |    50 ||   335
Invok: Depart the Abyss  |     1 |       |       ||     1
 Abil: Dig               |       |     1 |       ||     1
  Use: Potion            |     1 |       |     2 ||     3
  Eat: Chunk             |       |    10 |     1 ||    11
Armor: Plate armour      |    14 |       |       ||    14
       Leather armour    |    18 |    64 |       ||    82
       Ring mail         |       |    23 |    34 ||    57
Dodge: Dodged            |    30 |   129 |    30 ||   189
